 Dungeon Crawl Stone Soup version 0.22.0-38-g04b72b8 (webtiles) character file.

29480 Monsterracer the Cleaver (level 13, -2/121 HPs)
             Began as a Deep Dwarf Fighter on Aug 27, 2018.
             Was a High Priest of Makhleb.
             Slain by Snorg (10 damage)
             ... on level 6 of the Lair of Beasts.
             The game lasted 00:10:44 (9550 turns).

Monsterracer the Cleaver (Deep Dwarf Fighter)       Turns: 9550, Time: 00:10:45

Health: -2/121     AC: 21    Str: 24    XL:     13   Next: 15%
Magic:  11/11      EV:  8    Int: 10    God:    Makhleb [*****.]
Gold:   274        SH:  0    Dex: 12    Spells: 12/12 levels left

rFire    . . .     SeeInvis .   y - +4 executioner's axe (freeze)
rCold    . . .     Gourm    .   (shield currently unavailable)
rNeg     . . .     Faith    .   B - +4 chain mail {MR+}
rPois    .         Spirit   .   A - +1 helmet of the Good {Regen+ Slay+6}
rElec    .         Reflect  .   u - +1 cloak {+Inv}
rCorr    .         Harm     +   (no gloves)
MR       ++...                  (no boots)
Stlth    ..........             r - amulet of harm
HPRegen  0.00/turn              n - ring of fire
MPRegen  0.12/turn              t - ring of ice

@: lethally poisoned (-2 -> -2), non-regenerating
A: damage resistance, heal wounds, sense surroundings 2, no regeneration
a: Heal Wounds, Minor Destruction, Lesser Servant of Makhleb, Major Destruction,
Greater Servant of Makhleb, Renounce Religion, Evoke Invisibility


You were on level 6 of the Lair of Beasts.
You worshipped Makhleb.
Makhleb was extremely pleased with you.
You were not hungry.

You visited 4 branches of the dungeon, and saw 18 of its levels.
You also visited: Labyrinth.

You collected 656 gold pieces.
You spent 382 gold pieces at shops.

Inventory:

Hand Weapons
 a - a +0 war axe
 b - a +2 whip of electrocution
 y - a +4 executioner's axe of freezing (weapon)
Armour
 s - the +0 shield "Vuf Dacs" {rElec rC- rN+ MR+ Regen+}
   (You bought it in a shop on level 4 of the Dungeon)

   It makes you vulnerable to cold.
   It insulates you from electricity.
   It protects you from negative energy.
   It affects your resistance to hostile enchantments.
   It increases your rate of regeneration.
 u - a +1 cloak of invisibility (worn)
 A - the +1 helmet of the Good (worn) {Regen+ Slay+6}
   (You found it in a labyrinth)

   It affects your accuracy and damage with ranged weapons and melee attacks
   (+6).
   It increases your rate of regeneration.
 B - a +4 chain mail of magic resistance (worn)
Jewellery
 h - a +3 amulet of reflection
 i - an uncursed amulet of the gourmand
 n - a ring of fire (left hand)
 r - an amulet of harm (around neck)
 t - a ring of ice (right hand)
Wands
 z - a wand of acid (7)
Scrolls
 d - 2 scrolls of identify
 f - 4 scrolls of teleportation
 j - a scroll of blinking
 m - a scroll of fog
 q - 4 scrolls of remove curse
Potions
 e - 8 potions of curing
 g - 3 potions of lignification
 k - 2 potions of agility
 l - 2 potions of mutation
 o - 4 potions of haste
 p - 2 potions of heal wounds
 v - a potion of might
 w - a potion of magic
 x - a potion of brilliance
 D - a potion of ambrosia
 E - a potion of flight
 G - a potion of berserk rage
Comestibles
 c - 27 rations
 C - 3 chunks of flesh


   Skills:
 + Level 9.5 Fighting
 * Level 14.6 Axes
 + Level 11.2 Armour
 - Level 8.8 Shields
 + Level 11.3 Invocations


You had 12 spell levels left.
You didn't know any spells.
Your spell library contained the following spells:

 Spells                   Type           Power        Failure   Level  Hunger
 Beastly Appendage        Tmut           #.....       88%         1    ##.....
 Spider Form              Tmut/Pois      #.........   99%         3    ####...
 Ice Form                 Ice/Tmut       #.......     100%        4    #####..
 Irradiate                Conj/Tmut      #.........   100%        5    ######.
 Yara's Violent Unravell  Hex/Tmut       #.........   100%        5    ######.


Dungeon Overview and Level Annotations

Branches:
Dungeon (10/15)            Temple (1/1) D:5            Lair (6/6) D:10
  Swamp (0/4) Lair:2       Spider (1/4) Lair:3        Slime (0/5) Lair:5
    Orc: D:9-12

Altars:
Ashenzari
Cheibriados
Dithmenos
Fedhas
Gozag
Hepliaklqana
Kikubaaqudgha
Makhleb
Okawaru
Qazlal
Ru
Sif Muna
Trog
Uskayaw
Vehumet
Wu Jian
Xom
Yredelemnul
Zin
Jiyva

Shops:
D:4 [

Annotations:
D:3 1 transporter
D:5 2 transporters
Lair:2 exclusion: oklob plant
Lair:6 Snorg


Innate Abilities, Weirdness & Mutations

You are resistant to damage.
You can heal yourself by infusing magical energy.
You passively map the area around you.
You do not regenerate.


Message History

You kill the lava snake!
Makhleb accepts your kill.
You feel better.
Health restored: 121 A molten gargoyle comes into view.
It is wielding a flail.
You slice the molten gargoyle!! You freeze the molten gargoyle!
You destroy the molten gargoyle!
Makhleb accepts your kill.
You hear a distant blaring wail to the east.
No target in view!
A komodo dragon comes into view.
The komodo dragon hisses angrily.
You see here a flail.
A komodo dragon is nearby!
A komodo dragon is nearby!
You slice the komodo dragon!!
The komodo dragon seems to slow down.
You freeze the komodo dragon!
You kill the komodo dragon!
Makhleb accepts your kill.
You hear an angry hiss. x3
No target in view!
A black mamba comes into view.
A lava snake comes into view.
The black mamba hisses angrily.
There are monsters nearby!
A basilisk comes into view.
The black mamba bites you!
You are poisoned.
The black mamba poisons you!
The basilisk moves out of view.
You take 4 damage, and have 117/121 hp.
There are monsters nearby!
You slice the black mamba!! You freeze the black mamba.
You kill the black mamba!
Makhleb accepts your kill.
You feel better.
You hear a shout!
You hear an angry hiss.
Health restored: 121
There are monsters nearby!
You see here a black mamba corpse.
There are monsters nearby!
Snorg the Insatiable comes into view.
You closely miss the basilisk. The basilisk gazes at you.
You resist with almost no effort.
There are monsters nearby!
You slash the basilisk! You freeze the basilisk!
The basilisk is severely wounded.
The basilisk gazes at you. You resist with almost no effort.
There are monsters nearby!
You barely miss the basilisk.
The basilisk is severely wounded.
The basilisk bites you.
Snorg goes berserk!
The basilisk bites you but does no damage.
You take 1 damage, and have 120/121 hp.
There are monsters nearby!
You hit the basilisk.
The basilisk seems to slow down.
You freeze the basilisk.
The basilisk is severely wounded.
Snorg rages.
The basilisk closely misses you.
You closely miss the basilisk.
The basilisk is severely wounded.
Snorg rages.
There are monsters nearby!
You slice the basilisk!!
The basilisk seems to slow down.
You freeze the basilisk.
You kill the basilisk!
Makhleb accepts your kill.
You feel better.
Health restored: 121 You barely miss Snorg.
Snorg bites you!! Snorg claws you but does no damage. x2
Snorg closely misses you. Snorg claws you! x2
You take 57 damage, and have 64/121 hp.
MASSIVE DAMAGE!!
You slash Snorg! You freeze Snorg.
Snorg is lightly wounded.
Snorg bites you but does no damage. Snorg claws you.
Snorg claws you but does no damage. Snorg bites you!
Snorg barely misses you. x2
A fire crab comes into view.
You take 7 damage, and have 57/121 hp.
You slice Snorg!! You freeze Snorg!
Snorg is moderately wounded.
You hear an angry hiss.
Snorg closely misses you. Snorg claws you. Snorg claws you but does no damage.
Snorg bites you but does no damage. Snorg claws you! Snorg barely misses you.
A komodo dragon comes into view.
You hear an angry hiss.
You take 13 damage, and have 44/121 hp.
You slice Snorg!! You freeze Snorg!
Snorg is severely wounded.
Snorg bites you!!
* * * LOW HITPOINT WARNING * * *
Snorg closely misses you. Snorg claws you!
* * * LOW HITPOINT WARNING * * *
Snorg bites you but does no damage. Snorg claws you but does no damage.
Snorg closely misses you.
Your chain mail prevents you from hitting Snorg.
Snorg is severely wounded.
Snorg barely misses you. Snorg claws you but does no damage.
Snorg completely misses you. Snorg bites you but does no damage.
Snorg claws you. Snorg claws you!
You die...

, * ≈ , , * * ≈≈≈
, * , 8* #≈ ≈ ≈ *
,, , . ###≈ * ≈≈ ,
* , , ..##≈≈§≈* *
* * ,, ,
....§≈§≈### ≈8# ,
#.l§≈##8###§§## ,,
, * ,
#≈.tT#..#.#.§≈# *,
,, ≈ , ≈≈
≈#@....#.S≈## * ,
≈ §§ ##.†.....§≈≈#
,,, ,, *
*#≈##.........≈≈##
, ,
#§§§.........≈≈# *
, #§≈§§.......#≈≈
, , ,
,#§§≈§.†....##≈ ,
, ,#§≈§......## ≈
* , ..
,#≈§#......8# ≈ ,,
* ...
##≈≈###)...##≈≈ *
,


You could see Snorg (berserk), a fire crab and a komodo dragon.

Vanquished Creatures
  A minotaur (Lab)
  4 hydras
  A two-headed ogre (D:10)
  An unseen horror (D:10)
  Pikel (D:4)
  An oklob plant (Lair:2)
  10 elephants
  5 black mambas
  A molten gargoyle (Lair:6)
  7 spiny frogs
  2 torpor snails
  5 komodo dragons
  2 rime drakes
  2 tyrant leeches (Lair:2)
  A polar bear (Lair:4)
  7 blink frogs
  4 dream sheep (Lair:3)
  10 hippogriffs
  A shadow (D:9)
  2 redbacks (Lair:3)
  12 yaks
  6 wyverns
  5 basilisks
  6 water moccasins
  10 porcupines
  2 hell hounds (Lair:6)
  A hornet zombie (D:6)
  2 ice beasts
  2 phantoms
  5 ogres
  A centaur (D:5)
  9 crocodiles
  2 big kobolds (D:7)
  7 bullfrogs
  5 scorpions
  7 wights
  2 howler monkeys
  3 crimson imps
  2 lava snakes (Lair:6)
  2 bullfrog zombies
  2 quasits
  2 hounds (D:10)
  3 orc priests
  8 jellies
  3 orc wizards
  2 bullfrog skeletons
  3 iguanas
  6 worker ants
  A hound zombie (D:5)
  2 worker ant zombies
  A howler monkey zombie (D:6)
  A howler monkey skeleton (D:4)
  10 adders
  7 gnolls
  2 shadow imps
  14 oozes
  An adder skeleton (D:5)
  2 leopard geckos
  27 orcs
  2 bats (D:1)
  3 giant cockroaches
  4 goblins
  5 hobgoblins
  2 jackals (D:9)
  14 kobolds
  A quokka (D:8)
  A ball python (D:6)
  4 frilled lizards
  A quokka zombie (D:9)
  3 rats
  4 fungi
  2 plants
302 creatures vanquished.

Vanquished Creatures (others)
  A slave (D:6)
  A scorpion (D:6)
  An orc (D:4)
  A kobold (D:7)
  11 fungi
  6 plants
21 creatures vanquished.

Grand Total: 323 creatures vanquished

Notes
Turn   | Place    | Note
-------+----------+-------------------------------------------
     0 | D:1      | Monsterracer the Deep Dwarf Fighter began the quest for the Orb.
     0 | D:1      | Reached XP level 1. HP: 20/20 MP: 1/1
   115 | D:1      | Reached XP level 2. HP: 21/27 MP: 2/2
   143 | D:2      | Found a basalt altar of Yredelemnul.
   159 | D:2      | Reached skill level 3 in Axes
   159 | D:2      | Reached XP level 3. HP: 17/33 MP: 3/3
   226 | D:3      | Found a transporter.
   310 | D:4      | Noticed a slave
   310 | D:4      | Noticed a slave
   310 | D:4      | Noticed a slave
   310 | D:4      | Noticed a slave
   311 | D:4      | Noticed Pikel
   327 | D:4      | Killed Pikel
   327 | D:4      | Reached skill level 5 in Axes
   327 | D:4      | Reached XP level 4. HP: 10/44 MP: 3/3
   327 | D:4      | Reached XP level 5. HP: 12/50 MP: 4/4
   327 | D:4      | Reached XP level 6. HP: 13/57 MP: 5/5
   327 | D:4      | Reached XP level 7. HP: 15/64 MP: 6/6
   381 | D:4      | Reached skill level 5 in Armour
   383 | D:4      | Reached skill level 5 in Shields
   393 | D:4      | Reached skill level 6 in Axes
   502 | D:4      | Found a shimmering altar of Xom.
   518 | D:4      | Found Muevive Ilixt's Armour Shoppe.
   847 | D:5      | Entered Level 5 of the Dungeon
   898 | D:5      | Found a transporter.
   982 | D:5      | Found a stormy altar of Qazlal.
  1167 | D:5      | Reached XP level 8. HP: 43/73 MP: 6/6
  1322 | D:5      | Reached skill level 7 in Axes
  1375 | D:5      | Found a staircase to the Ecumenical Temple.
  1476 | Temple   | Entered the Ecumenical Temple
  1537 | Temple   | Became a worshipper of Makhleb the Destroyer
  1659 | D:5      | Found a transporter.
  1824 | D:6      | Reached skill level 5 in Fighting
  1824 | D:6      | Reached skill level 1 in Invocations
  2250 | D:6      | Reached skill level 8 in Axes
  2426 | D:6      | Reached * piety under Makhleb
  2541 | D:6      | Found a deep blue altar of Sif Muna.
  2978 | D:7      | Gained mutation: You passively map the area around you. [Deep Dwarf growth]
  2978 | D:7      | Reached XP level 9. HP: 62/81 MP: 7/7
  3359 | D:4      | Bought the cursed +0 shield "Vuf Dacs" {rElec rC- rN+ MR+ Regen+} for 201 gold pieces
  4124 | D:9      | Reached skill level 9 in Axes
  4156 | D:9      | Found an opulent altar of Gozag.
  4484 | D:9      | Reached ** piety under Makhleb
  4604 | D:10     | Entered Level 10 of the Dungeon
  4645 | D:10     | Reached skill level 5 in Invocations
  4702 | D:10     | Noticed a two-headed ogre
  4709 | D:10     | Killed a two-headed ogre
  4709 | D:10     | Reached XP level 10. HP: 31/91 MP: 6/8
  4721 | D:10     | Noticed an elephant
  4722 | D:10     | Found a staircase to the Lair.
  4739 | D:10     | Reached skill level 10 in Axes
  4748 | D:10     | Killed an elephant
  4798 | D:10     | Killed an unseen horror
  5311 | D:4      | Bought a +1 cloak of invisibility for 181 gold pieces
  5415 | Lair:1   | Entered Level 1 of the Lair of Beasts
  5586 | Lair:1   | Noticed a spiny frog
  5586 | Lair:1   | Noticed a spiny frog
  5587 | Lair:1   | Found a labyrinth entrance.
  5593 | Lair:1   | Killed a spiny frog
  5597 | Lair:1   | Killed a spiny frog
  5597 | Lair:1   | Reached skill level 11 in Axes
  5680 | Lab      | Entered a labyrinth
  5917 | Lab      | Noticed a minotaur
  5956 | Lab      | Killed a minotaur
  5956 | Lab      | Reached *** piety under Makhleb
  5956 | Lab      | Reached XP level 11. HP: 61/100 MP: 6/9
  5965 | Lab      | Identified Rerutuv's Grimoire of Transformation
  5966 | Lab      | Got a scorched helmet
  5993 | Lair:1   | Identified the +1 helmet of the Good {Regen+ Slay+6} (You found it in a labyrinth)
  6359 | Lair:2   | Noticed a five-headed hydra
  6365 | Lair:2   | Killed an eight-headed hydra
  6508 | Lair:2   | Found a radiant altar of Vehumet.
  6615 | Lair:2   | Noticed an oklob plant
  6666 | Lair:2   | Noticed an oklob plant
  6684 | Lair:2   | Killed an oklob plant
  6684 | Lair:2   | Reached skill level 12 in Axes
  6745 | Lair:2   | Reached **** piety under Makhleb
  6889 | Lair:2   | Found a staircase to the Swamp.
  7201 | Lair:3   | Reached XP level 12. HP: 89/111 MP: 8/10
  7206 | Lair:3   | Reached skill level 10 in Armour
  7209 | Lair:3   | Reached skill level 13 in Axes
  7304 | Lair:3   | Found a hole to the Spider Nest.
  7416 | Lair:3   | Noticed an eight-headed hydra
  7424 | Lair:3   | Killed an 11-headed hydra
  7486 | Lair:3   | Noticed a four-headed hydra
  7491 | Lair:3   | Killed a six-headed hydra
  7491 | Lair:3   | Reached skill level 10 in Invocations
  7962 | Spider:1 | Entered Level 1 of the Spider Nest
  8690 | Lair:5   | Reached skill level 14 in Axes
  8849 | Lair:5   | Reached ***** piety under Makhleb
  8878 | Lair:5   | Noticed a seven-headed hydra
  8885 | Lair:5   | Killed a 12-headed hydra
  8927 | Lair:5   | Found a viscous altar of Jiyva.
  8928 | Lair:5   | Found a staircase to the Slime Pits.
  9411 | Lair:6   | Entered Level 6 of the Lair of Beasts
  9439 | Lair:6   | Reached XP level 13. HP: 93/121 MP: 11/11
  9517 | Lair:6   | Noticed a fire dragon
  9539 | Lair:6   | Noticed Snorg
  9550 | Lair:6   | Slain by Snorg

Skill      XL: |  1  2  3  4  5  6  7  8  9 10 11 12 |
---------------+-------------------------------------+-----
Axes           | 3 5 6 8 9 11 12 14 | 14.6
Fighting       | 4 5 6 7 8 9 |  9.5
Armour         | 4 5 6 7 8 9 11 | 11.2
Shields        | 4 5 6 7 8 |  8.8
Invocations    | 2 5 7 9 11 | 11.3

Action                   |  1- 3 |  4- 6 |  7- 9 | 10-12 | 13-15 || total
-------------------------+-------+-------+-------+-------+-------++-------
Melee: War axe           |   126 |       |   598 |   149 |       ||   873
       Executioner's axe |       |       |       |   233 |    32 ||   265
 Abil: Heal Wounds       |     1 |       |    13 |    12 |       ||    26
       Evoke Invisibilit |       |       |       |     1 |       ||     1
  Use: Scroll            |     2 |       |    13 |    11 |       ||    26
       Potion            |     1 |       |       |       |       ||     1
 Stab: Invisible         |       |       |       |     1 |       ||     1
  Eat: Chunk             |       |       |    14 |    15 |     1 ||    30
Armor: Scale mail        |    56 |       |    10 |       |       ||    66
       Plate armour      |       |       |   272 |   203 |       ||   475
       Chain mail        |       |       |       |   253 |    28 ||   281
Dodge: Dodged            |    41 |       |    79 |   152 |    18 ||   290
Block: Shield            |    89 |       |   436 |   165 |       ||   690
       Reflection        |       |       |     9 |     1 |       ||    10
       Other             |       |       |       |     7 |       ||     7

Vault maps used:
D:1:      dpeg_arrival_tiny_i
D:2:      nicolae_overflow_hidden_temple, old_standard_altar,
          yredelemnul_altar_generic
D:3:      gammafunk_steamed_eel, trog_wizard, uniq_terence
D:4:      lemuel_crystal_altar, first_ration, serial_shops, nicolae_shop_trees,
          uniq_pikel
D:5:      gammafunk_cloud_chamber, lemuel_crystal_altar,
          minmay_temple_entry_fiery
D:6:      overflow_temple_1_default
D:9:      basic_altar
D:10:     david_lair_generic, serial_curves, eino_curves_04, eino_curves_02
Temple:   compressed_dpeg_circular_temple
Lair:1:   lab_entry_generic, st_stairs_7, lemuel_fruit_fields
Lair:2:   lemuel_slime, minmay_swamp_entry_worms, basic_altar,
          grunt_megastairs_2, minmay_lair_oklob_chamber, lemuel_fruit_tree,
          infiniplex_staircase_pool
Lair:3:   spider_nest_entry_webs, hibernation_bobbens, serial_bayou_shore_a
Lair:4:   minmay_holes, fungi_pond_lemuel
Lair:5:   dpeg_slime_entry_enclosed_altar, lookout_lair_type,
          kennysheep_basilisk_garden
Lair:6:   cheibrodos_lair_end_hotspot, grunt_forest_large_clearings, uniq_snorg
Spider:1: uniq_josephine
Lab:      labyrinth_spiral, labyrinth_skeletal_remains, lab_fountain,
          nicolae_lab_stuck
